[ AOE2 MATCH · #506063911 ]
UnrankedCelts vs Malay
Player's team · LOSS
Rival team · WIN
[ REPLAY ANALYSIS · EXTRACTED FROM THE RECORDED GAME ]
Feudal
10:34
Castle
22:27
Imperial
36:04
| APM avg | 49.6 |
| APM peak | 103 |
| eAPM avg | 26.5 |
| Villagers / military | 147 / 58 |
Focus
⚔️ 40.4% · 🌾 59.6%
Skirmisher ×17 · Woad Raider ×13 · Archer ×6 · Battering Ram ×6 · Militia ×4 · Cavalry Archer ×4
Feudal
10:59
Castle
20:26
Imperial
34:20
| APM avg | 58.8 |
| APM peak | 104 |
| eAPM avg | 30.0 |
| Villagers / military | 114 / 110 |
Focus
⚔️ 42.6% · 🌾 57.4%
Karambit Warrior ×75 · Archer ×19 · Skirmisher ×5 · Militia ×3 · Trebuchet (Packed) ×3 · Monk ×2
Match map
Initial resources + every placement click. Lines = walls · curves = elevation contours. ◆ gold · ⬟ stone · ● berries · ✦ relic · ◌ wall gap
Your base· Open — 3t gap
FYI Inc's base· ✓ Closed at 20:26 · 18t walls · 1 gate(s)
Smoothed initial terrain · ◌ = detected wall gap · hover for details
Inputs per minute
— [ASYNC]GodsPrisoner - - FYI Inc
Build order — [ASYNC]GodsPrisoner
First 150 of 369 actions detected
| 0:00 | Queue | Villager (Male) |
| 0:02 | Build | House |
| 0:02 | Build | House |
| 0:13 | Queue | Villager (Male) |
| 0:13 | Queue | Villager (Male) |
| 0:13 | Queue | Villager (Male) |
| 1:16 | Queue | Villager (Male) |
| 1:55 | Build | Lumber Camp |
| 1:59 | Queue | Villager (Male) |
| 2:07 | Queue | Villager (Male) |
| 2:50 | Queue | Villager (Male) |
| 3:14 | Queue | Villager (Male) |
| 3:28 | Build | House |
| 3:36 | Queue | Villager (Male) |
| 3:55 | Queue | Villager (Male) |
| 4:09 | Queue | Villager (Male) |
| 4:20 | Build | Barracks |
| 4:47 | Queue | Villager (Male) |
| 5:08 | Queue | Villager (Male) |
| 5:11 | Build | House |
| 5:15 | Queue | Militia |
| 5:27 | Queue | Militia |
| 5:43 | Build | Mill |
| 5:51 | Queue | Villager (Male) |
| 6:04 | Research | Loom |
| 6:15 | Queue | Villager (Male) |
| 6:27 | Queue | Villager (Male) |
| 7:06 | Build | Mining Camp |
| 7:29 | Queue | Villager (Male) |
| 7:49 | Queue | Villager (Male) |
| 7:56 | Build | Mill |
| 8:07 | Build | House |
| 8:09 | Build | Palisade Wall |
| 8:24 | Research | Feudal Age |
| 8:52 | Queue | Militia |
| 9:27 | Build | Palisade Wall |
| 9:29 | Build | Palisade Wall |
| 9:30 | Build | Palisade Wall |
| 9:34 | Queue | Militia |
| 9:41 | Build | Farm |
| 9:44 | Build | Farm |
| 9:49 | Build | Farm |
| 9:52 | Build | Palisade Wall |
| 9:53 | Build | Palisade Wall |
| 9:56 | Build | Palisade Wall |
| 9:58 | Build | Palisade Wall |
| 10:00 | Build | Palisade Wall |
| 10:01 | Build | Farm |
| 10:05 | Build | Palisade Wall |
| 10:07 | Build | Palisade Wall |
| 10:13 | Build | Palisade Wall |
| 10:15 | Build | Palisade Wall |
| 10:21 | Build | Farm |
| 10:33 | Queue | Villager (Male) |
| 10:34 | Age | Feudal Age |
| 10:48 | Queue | Villager (Male) |
| 10:57 | Queue | Villager (Male) |
| 11:07 | Build | Archery Range |
| 11:07 | Queue | Villager (Male) |
| 11:17 | Research | Double-Bit Axe |
| 11:29 | Build | Farm |
| 11:39 | Build | House |
| 11:45 | Queue | Villager (Male) |
| 12:06 | Queue | Villager (Male) |
| 12:08 | Build | Lumber Camp |
| 12:17 | Queue | Archer |
| 12:20 | Build | Palisade Wall |
| 12:23 | Queue | Archer |
| 12:24 | Queue | Villager (Male) |
| 12:27 | Build | Palisade Wall |
| 12:44 | Build | Farm |
| 12:51 | Queue | Archer |
| 12:53 | Queue | Villager (Male) |
| 13:08 | Build | House |
| 13:10 | Queue | Archer |
| 13:12 | Build | Farm |
| 13:13 | Queue | Villager (Male) |
| 13:36 | Queue | Villager (Male) |
| 13:41 | Build | Blacksmith |
| 13:43 | Build | Palisade Wall |
| 13:50 | Build | Farm |
| 13:56 | Queue | Villager (Male) |
| 14:01 | Build | Farm |
| 14:05 | Queue | Skirmisher |
| 14:24 | Queue | Villager (Male) |
| 14:39 | Queue | Skirmisher |
| 14:51 | Queue | Villager (Male) |
| 15:07 | Queue | Villager (Male) |
| 15:09 | Queue | Skirmisher |
| 15:13 | Queue | Villager (Male) |
| 15:27 | Build | Archery Range |
| 15:29 | Queue | Villager (Male) |
| 15:32 | Build | House |
| 15:33 | Build | House |
| 15:46 | Build | House |
| 15:55 | Queue | Villager (Male) |
| 16:04 | Build | Farm |
| 16:05 | Build | Farm |
| 16:06 | Build | Farm |
| 16:07 | Build | Farm |
| 16:08 | Queue | Villager (Male) |
| 16:10 | Queue | Skirmisher |
| 16:13 | Queue | Skirmisher |
| 16:13 | Queue | Skirmisher |
| 16:22 | Queue | Villager (Male) |
| 16:25 | Queue | Skirmisher |
| 16:30 | Queue | Villager (Male) |
| 16:39 | Queue | Skirmisher |
| 16:40 | Queue | Villager (Male) |
| 16:46 | Queue | Skirmisher |
| 16:51 | Build | Palisade Wall |
| 16:53 | Queue | Villager (Male) |
| 16:54 | Queue | Skirmisher |
| 16:59 | Build | House |
| 17:05 | Queue | Skirmisher |
| 17:08 | Queue | Villager (Male) |
| 17:17 | Queue | Villager (Male) |
| 17:28 | Research | Fletching |
| 17:42 | Queue | Villager (Male) |
| 17:54 | Queue | Villager (Male) |
| 18:04 | Build | Farm |
| 18:04 | Build | Farm |
| 18:06 | Build | Farm |
| 18:07 | Build | House |
| 18:16 | Research | Padded Archer Armor |
| 18:25 | Queue | Skirmisher |
| 18:50 | Queue | Villager (Male) |
| 18:52 | Build | Market |
| 18:54 | Research | Horse Collar |
| 19:04 | Build | House |
| 19:05 | Build | Palisade Wall |
| 19:14 | Build | Farm |
| 19:22 | Queue | Villager (Male) |
| 19:42 | Research | Castle Age |
| 20:07 | Build | Palisade Gate |
| 20:14 | Build | House |
| 20:23 | Build | Palisade Wall |
| 20:23 | Queue | Spearman |
| 20:49 | Build | House |
| 21:08 | Build | Palisade Wall |
| 21:10 | Build | Palisade Wall |
| 21:28 | Build | House |
| 21:34 | Build | House |
| 22:02 | Queue | Villager (Male) |
| 22:05 | Queue | Skirmisher |
| 22:05 | Queue | Skirmisher |
| 22:10 | Queue | Villager (Male) |
| 22:27 | Age | Castle Age |
| 22:29 | Build | Town Center |
| 22:31 | Research | Bodkin Arrow |
Build order — FYI Inc
First 150 of 359 actions detected
| 0:01 | Queue | Villager (Male) |
| 0:01 | Queue | Villager (Male) |
| 0:02 | Build | House |
| 0:02 | Queue | Villager (Male) |
| 0:03 | Build | House |
| 0:12 | Queue | Villager (Male) |
| 1:25 | Queue | Villager (Male) |
| 2:02 | Queue | Villager (Male) |
| 2:19 | Build | Lumber Camp |
| 2:26 | Queue | Villager (Male) |
| 2:49 | Queue | Villager (Male) |
| 3:05 | Build | House |
| 3:10 | Queue | Villager (Male) |
| 3:36 | Queue | Villager (Male) |
| 4:05 | Queue | Villager (Male) |
| 4:05 | Queue | Villager (Male) |
| 4:08 | Queue | Villager (Male) |
| 4:55 | Build | Barracks |
| 5:00 | Queue | Villager (Male) |
| 5:07 | Queue | Villager (Male) |
| 5:50 | Research | Loom |
| 5:56 | Build | Mill |
| 6:03 | Queue | Militia |
| 6:03 | Queue | Militia |
| 6:03 | Queue | Militia |
| 6:12 | Queue | Villager (Male) |
| 6:29 | Build | House |
| 6:37 | Queue | Villager (Male) |
| 6:55 | Queue | Villager (Male) |
| 7:14 | Queue | Villager (Male) |
| 7:16 | Queue | Villager (Male) |
| 7:16 | Queue | Villager (Male) |
| 7:29 | Queue | Villager (Male) |
| 7:32 | Build | Mill |
| 8:08 | Build | House |
| 8:19 | Queue | Villager (Male) |
| 8:39 | Build | Palisade Wall |
| 8:41 | Queue | Villager (Male) |
| 8:58 | Queue | Villager (Male) |
| 9:14 | Queue | Villager (Male) |
| 9:41 | Research | Feudal Age |
| 9:54 | Build | Mining Camp |
| 10:06 | Build | Lumber Camp |
| 10:40 | Build | House |
| 10:41 | Build | Palisade Wall |
| 10:59 | Age | Feudal Age |
| 11:01 | Research | Double-Bit Axe |
| 11:01 | Queue | Villager (Male) |
| 11:07 | Build | Archery Range |
| 11:20 | Queue | Villager (Male) |
| 11:27 | Build | Blacksmith |
| 11:41 | Queue | Villager (Male) |
| 11:44 | Build | House |
| 11:55 | Build | Archery Range |
| 11:56 | Queue | Archer |
| 11:59 | Queue | Villager (Male) |
| 12:18 | Build | Farm |
| 12:20 | Build | Farm |
| 12:33 | Queue | Skirmisher |
| 12:34 | Queue | Villager (Male) |
| 12:41 | Queue | Skirmisher |
| 12:50 | Build | House |
| 12:55 | Build | Farm |
| 13:01 | Queue | Archer |
| 13:05 | Queue | Villager (Male) |
| 13:09 | Build | Farm |
| 13:20 | Build | House |
| 13:21 | Build | Palisade Wall |
| 13:24 | Queue | Villager (Male) |
| 13:28 | Build | Farm |
| 13:31 | Queue | Archer |
| 13:45 | Research | Fletching |
| 13:47 | Queue | Skirmisher |
| 14:03 | Build | Farm |
| 14:08 | Queue | Villager (Male) |
| 14:10 | Build | Farm |
| 14:15 | Queue | Archer |
| 14:15 | Queue | Archer |
| 14:35 | Queue | Villager (Male) |
| 14:42 | Queue | Skirmisher |
| 14:43 | Queue | Skirmisher |
| 14:50 | Build | Farm |
| 14:50 | Queue | Villager (Male) |
| 15:20 | Queue | Archer |
| 15:22 | Queue | Villager (Male) |
| 15:25 | Build | Farm |
| 15:37 | Build | Market |
| 15:37 | Queue | Villager (Male) |
| 15:41 | Queue | Archer |
| 16:03 | Queue | Archer |
| 16:03 | Queue | Archer |
| 16:09 | Build | House |
| 16:11 | Build | House |
| 16:12 | Build | Palisade Wall |
| 16:17 | Queue | Villager (Male) |
| 16:19 | Build | Palisade Wall |
| 16:40 | Queue | Villager (Male) |
| 16:49 | Build | Palisade Gate |
| 16:51 | Build | House |
| 16:52 | Queue | Archer |
| 16:52 | Queue | Archer |
| 16:53 | Queue | Archer |
| 17:05 | Build | House |
| 17:06 | Queue | Villager (Male) |
| 17:09 | Queue | Archer |
| 17:10 | Queue | Archer |
| 17:16 | Build | House |
| 17:20 | Build | Palisade Wall |
| 17:23 | Queue | Villager (Male) |
| 17:29 | Build | Farm |
| 17:49 | Build | Farm |
| 17:57 | Queue | Archer |
| 17:57 | Queue | Archer |
| 18:09 | Build | Farm |
| 18:44 | Build | House |
| 18:48 | Build | Farm |
| 18:50 | Research | Castle Age |
| 18:52 | Queue | Archer |
| 19:02 | Build | Mining Camp |
| 19:22 | Queue | Archer |
| 19:23 | Queue | Archer |
| 19:25 | Research | Horse Collar |
| 20:17 | Build | Lumber Camp |
| 20:25 | Build | House |
| 20:26 | Age | Castle Age |
| 20:29 | Research | Crossbowman (upgrade) |
| 20:30 | Queue | Villager (Male) |
| 20:48 | Build | University |
| 20:58 | Research | Bodkin Arrow |
| 21:12 | Build | Farm |
| 21:19 | Queue | Villager (Male) |
| 21:39 | Research | Ballistics |
| 21:39 | Research | Ballistics |
| 21:41 | Queue | Villager (Male) |
| 22:03 | Queue | Villager (Male) |
| 22:28 | Queue | Villager (Male) |
| 22:33 | Research | Padded Archer Armor |
| 22:41 | Queue | Villager (Male) |
| 23:15 | Queue | Villager (Male) |
| 23:20 | Build | Town Center |
| 23:31 | Research | Bow Saw |
| 23:37 | Queue | Villager (Male) |
| 23:48 | Queue | Villager (Male) |
| 24:09 | Build | Town Center |
| 24:09 | Queue | Villager (Male) |
| 24:18 | Research | Stone Mining |
| 24:41 | Queue | Villager (Male) |
| 24:49 | Queue | Villager (Male) |
| 24:49 | Queue | Villager (Male) |
| 24:50 | Queue | Villager (Male) |
Match timeline
| 4:20 | [ASYNC]GodsPrisoner · first_building Barracks |
| 4:55 | FYI Inc · first_building Barracks |
| 8:09 | [ASYNC]GodsPrisoner · wall_segment Palisade Wall x1 |
| 8:39 | FYI Inc · wall_segment Palisade Wall x1 |
| 9:27 | [ASYNC]GodsPrisoner · wall_segment Palisade Wall x1 |
| 9:29 | [ASYNC]GodsPrisoner · wall_segment Palisade Wall x1 |
| 9:30 | [ASYNC]GodsPrisoner · wall_segment Palisade Wall x1 |
| 9:52 | [ASYNC]GodsPrisoner · wall_segment Palisade Wall x1 |
| 9:53 | [ASYNC]GodsPrisoner · wall_segment Palisade Wall x1 |
| 9:56 | [ASYNC]GodsPrisoner · wall_segment Palisade Wall x1 |
| 9:58 | [ASYNC]GodsPrisoner · wall_segment Palisade Wall x1 |
| 10:00 | [ASYNC]GodsPrisoner · wall_segment Palisade Wall x1 |
| 10:05 | [ASYNC]GodsPrisoner · wall_segment Palisade Wall x1 |
| 10:07 | [ASYNC]GodsPrisoner · wall_segment Palisade Wall x1 |
| 10:13 | [ASYNC]GodsPrisoner · wall_segment Palisade Wall x1 |
| 10:15 | [ASYNC]GodsPrisoner · wall_segment Palisade Wall x1 |
| 10:34 | [ASYNC]GodsPrisoner · age_up feudal |
| 10:41 | FYI Inc · wall_segment Palisade Wall x1 |
| 10:59 | FYI Inc · age_up feudal |
| 11:07 | FYI Inc · first_building Archery Range |
| 11:07 | [ASYNC]GodsPrisoner · first_building Archery Range |
| 12:20 | [ASYNC]GodsPrisoner · wall_segment Palisade Wall x4 |
| 12:27 | [ASYNC]GodsPrisoner · wall_segment Palisade Wall x8 |
| 13:21 | FYI Inc · wall_segment Palisade Wall x1 |
| 13:43 | [ASYNC]GodsPrisoner · wall_segment Palisade Wall x6 |
| 16:12 | FYI Inc · wall_segment Palisade Wall x1 |
| 16:19 | FYI Inc · wall_segment Palisade Wall x13 |
| 16:51 | [ASYNC]GodsPrisoner · wall_segment Palisade Wall x6 |
| 17:00 | FYI Inc · first_market_sell 100 stone |
| 17:01 | FYI Inc · first_market_buy 100 food |
| 17:20 | FYI Inc · wall_segment Palisade Wall x1 |
| 19:05 | [ASYNC]GodsPrisoner · wall_segment Palisade Wall x9 |
| 19:31 | [ASYNC]GodsPrisoner · first_market_sell 500 stone |
| 19:32 | [ASYNC]GodsPrisoner · first_market_buy 100 food |
| 20:23 | [ASYNC]GodsPrisoner · wall_segment Palisade Wall x8 |
| 20:26 | FYI Inc · age_up castle |
| 21:08 | [ASYNC]GodsPrisoner · wall_segment Palisade Wall x3 |
| 21:10 | [ASYNC]GodsPrisoner · wall_segment Palisade Wall x10 |
| 22:27 | [ASYNC]GodsPrisoner · age_up castle |
| 23:30 | [ASYNC]GodsPrisoner · first_building Siege Workshop |
| 24:55 | FYI Inc · first_building Siege Workshop |
| 27:32 | FYI Inc · first_building Monastery |
| 27:36 | FYI Inc · first_building Castle |
| 30:02 | [ASYNC]GodsPrisoner · first_building Monastery |
| 31:27 | [ASYNC]GodsPrisoner · wall_segment Palisade Wall x1 |
| 31:47 | [ASYNC]GodsPrisoner · first_building Castle |
| 31:55 | [ASYNC]GodsPrisoner · wall_segment Palisade Wall x1 |
| 32:14 | [ASYNC]GodsPrisoner · wall_segment Palisade Wall x1 |
| 32:15 | [ASYNC]GodsPrisoner · wall_segment Palisade Wall x1 |
| 34:20 | FYI Inc · age_up imperial |
| 35:09 | [ASYNC]GodsPrisoner · wall_segment Palisade Wall x1 |
| 35:14 | [ASYNC]GodsPrisoner · wall_segment Palisade Wall x1 |
| 35:29 | [ASYNC]GodsPrisoner · wall_segment Stone Wall x1 |
| 35:36 | [ASYNC]GodsPrisoner · wall_segment Palisade Wall x1 |
| 35:38 | [ASYNC]GodsPrisoner · wall_segment Palisade Wall x1 |
| 36:04 | [ASYNC]GodsPrisoner · age_up imperial |
| 38:11 | [ASYNC]GodsPrisoner · resign |
[ AI ANALYSIS · 1 CREDIT ]
What really happened in this match?
Wolo.gg analyzes every decision: build order, eco, micro, common mistakes by bracket. Personalized analysis on WhatsApp or Discord in 30 seconds.
Civ guide
Celts
Perfil
[ASYNC]GodsPrisoner